Match 41098704
Unlisted

Match 41098704
End
Royal Engineer Section
Construct Section Command Post
Infantry Section
Infantry Section
Infantry Section
Grenade Package
Selects Canadian Shock Battlegroup
Selects Attacking Spirit
Selects Canadian Shock Section
Canadian Shock Section
Construct Platoon Command Post
Infantry Training
6-pounder Anti-tank Gun Team
Selects Incendiary Munitions
Construct Company Command Post
Crusader II Medium Tank
Construct Field Infirmary
Selects Incendiary Munitions
Selects Pyrotechnics
Unlock Bishop Self-propelled Artillery
Bishop Self-propelled Artillery
Bishop Self-propelled Artillery
Bishop Self-propelled Artillery
Selects Churchill Crocodile Heavy Tank
Churchill Crocodile Heavy Tank
Infantry Section
Royal Engineer Section
Made in Germany
bl4ckjack
Konrad Curze
rune41
matwyr
Hevsik
Grom
MZMZ
0
0

Comments sign in to comment!

No comments posted yet!